 Dungeon Crawl Stone Soup version 0.25-a0-566-g062765be81 (webtiles) character file.

Game seed: 5933552542303121930, levelgen mode: deterministic

1209 Flugslaktarn the Chopper (level 8, 0/70 HPs)
             Began as a Minotaur Fighter on Feb 27, 2020.
             Was an Initiate of Makhleb.
             Slain by an orc warrior
             ... wielding a +1 battleaxe of freezing
              (2 damage)
             ... on level 7 of the Dungeon.
             The game lasted 00:02:26 (3960 turns).

Flugslaktarn the Chopper (Minotaur Fighter)         Turns: 3960, Time: 00:02:27

Health: 0/70       AC: 12    Str: 22    XL:     8   Next: 22%
Magic:  8/8        EV:  8    Int:  5    God:    Makhleb [......]
Gold:   128        SH: 13    Dex: 11    Spells: 7/7 levels left

rFire    . . .     SeeInvis .   l - +1 hand axe (freeze)
rCold    . . .     Gourm    .   c - +0 kite shield
rNeg     . . .     Faith    .   b - +0 scale mail
rPois    .         Spirit   .   (helmet restricted)
rElec    .         Reflect  +   B - +2 cloak
rCorr    .         Harm     .   (no gloves)
MR       .....                  y - +0 pair of boots
Stlth    ..........             g - +3 amulet of reflection
HPRegen  0.21/turn              (no ring)
MPRegen  0.11/turn              (no ring)

@: mighty, brilliant, stab
A: retaliatory headbutt, horns 2
a: Renounce Religion


You were on level 7 of the Dungeon.
You worshipped Makhleb.
Makhleb was noncommittal.
You were not hungry.

You visited 2 branches of the dungeon, and saw 8 of its levels.
You also visited: Sewer.

You collected 128 gold pieces.

Inventory:

Hand Weapons
 a - a +0 war axe
 l - a +1 hand axe of freezing (weapon)
   (You took it off an orc on level 3 of the Dungeon)
Armour
 b - a +0 scale mail (worn)
 c - a +0 kite shield (worn)
 y - a +0 pair of boots (worn)
   (You found it on level 6 of the Dungeon)
 B - a +2 cloak (worn)
   (You found it on level 7 of the Dungeon)
Jewellery
 g - a +3 amulet of reflection (around neck)
   (You found it on level 1 of the Dungeon)
 r - an uncursed ring of fire
   (You found it on level 3 of the Dungeon)
Wands
 w - a wand of iceblast (10)
   (You found it on level 5 of the Dungeon)
Scrolls
 h - 4 scrolls of amnesia {unknown}
 i - 3 scrolls of identify {unknown}
 m - a scroll of remove curse {unknown}
 n - 2 scrolls of enchant armour {unknown}
 o - 5 scrolls of teleportation {unknown}
 p - a scroll of magic mapping {unknown}
 s - 2 scrolls of fear {unknown}
 u - 2 scrolls of blinking {unknown}
 x - 3 scrolls of fog {unknown}
 z - a scroll of enchant weapon {unknown}
Potions
 d - a potion of might
 f - a potion of magic {unknown}
 j - 2 potions of stabbing
 t - a potion of heal wounds {unknown}
 v - a potion of degeneration {unknown}
Comestibles
 e - 2 rations


   Skills:
 + Level 6.1 Fighting
 * Level 7.6 Axes
 + Level 6.2 Armour
 + Level 6.2 Shields
 + Level 2.3 Invocations


You had 7 spell levels left.
You didn't know any spells.
Your spell library was empty.

Dungeon Overview and Level Annotations

Branches:
Dungeon (7/15)             Temple (1/1) D:6           Sewer (visited)

Altars:
Ashenzari
Cheibriados
Elyvilon
Fedhas
Gozag
Hepliaklqana
Kikubaaqudgha
Makhleb
Nemelex Xobeh
Okawaru
Qazlal
Ru
Sif Muna
Trog
Uskayaw
Vehumet
Wu Jian
Xom
Zin
The Shining One

Shops:
D:7 *

Annotations:
D:3 1 runed translucent door, FrozenTrovador's ghost, amateur MfSu


Innate Abilities, Weirdness & Mutations

You reflexively headbutt those who attack you in melee.
You have a pair of horns on your head.


Message History

* * * LOW HITPOINT WARNING * * *
The orc warrior freezes you.
* * * LOW HITPOINT WARNING * * *
It was a potion of brilliance.
You feel clever all of a sudden.
You feel better. You block the orc warrior's attack.
You feel better. The orc warrior closely misses you.
You feel very mighty all of a sudden.
The orc warrior hits you with a +1 battleaxe of freezing!
* * * LOW HITPOINT WARNING * * *
The orc warrior freezes you.
* * * LOW HITPOINT WARNING * * *
You hit the orc warrior but do no damage.
The orc warrior is heavily wounded.
You slash the orc warrior! You freeze the orc warrior.
The orc warrior is almost dead.
The orc warrior hits you with a +1 battleaxe of freezing!
* * * LOW HITPOINT WARNING * * *
The orc warrior freezes you.
You die...

.............†!.#.#
...............# #
...##..........# ..
######.###.# #..
#.# ##.##.#####
#..#n....#
#.#o##### #.@.#
##..# #.># ####


You could see an orc warrior and a necrophage.

Vanquished Creatures
  Pikel (D:6)
  An ice beast (D:6)
  A slave (D:6)
  A centaur (D:5)
  A scorpion (D:4)
  A howler monkey (D:5)
  2 crimson imps
  A jelly (D:4)
  An orc priest (D:3)
  An iguana (D:6)
  2 orc wizards
  4 worker ants
  7 adders
  3 river rats
  An adder skeleton (D:6)
  A worm (D:6)
  3 dart slugs
  4 leopard geckos
  19 orcs
  3 bats
  2 giant cockroaches
  4 goblins
  4 hobgoblins (D:1)
  12 jackals
  2 quokkas
  5 ball pythons (Sewer)
  6 frilled lizards
  A jackal skeleton (D:4)
  2 kobolds
  2 quokka skeletons
  5 rats
103 creatures vanquished.

Notes
Turn   | Place    | Note
-------+----------+-------------------------------------------
     0 | D:1      | Flugslaktarn the Minotaur Fighter began the quest for the
                  | Orb.
     0 | D:1      | Reached XP level 1. HP: 19/19 MP: 0/0
   136 | D:1      | Reached XP level 2. HP: 27/27 MP: 1/1
   173 | D:1      | Reached skill level 3 in Axes
   341 | D:2      | Reached XP level 3. HP: 31/33 MP: 2/2
   415 | D:3      | Reached XP level 4. HP: 20/40 MP: 3/3
   646 | D:3      | Reached skill level 4 in Axes
   691 | D:3      | Noticed FrozenTrovador's ghost (amateur MfSu)
   699 | D:3      | Found a runed translucent door.
   891 | D:4      | Reached XP level 5. HP: 47/47 MP: 4/4
  1188 | D:4      | Found a white marble altar of Elyvilon.
  1188 | D:4      | Found a sparkling altar of Nemelex Xobeh.
  1193 | D:4      | Found a hide-covered altar of Uskayaw.
  1197 | D:4      | Found a sacrificial altar of Ru.
  1198 | D:4      | Found an ornate altar of the Wu Jian Council.
  1361 | D:4      | Reached skill level 5 in Axes
  1676 | D:5      | Entered Level 5 of the Dungeon
  1790 | D:5      | Noticed a centaur
  1794 | D:5      | Killed a centaur
  1794 | D:5      | Reached XP level 6. HP: 49/55 MP: 5/5
  1847 | D:5      | Reached skill level 5 in Fighting
  1847 | D:5      | Reached skill level 5 in Armour
  1847 | D:5      | Reached skill level 5 in Shields
  2185 | D:5      | Found a glowing drain.
  2189 | Sewer    | Entered a sewer
  2319 | Sewer    | Reached skill level 6 in Axes
  2634 | D:6      | Reached XP level 7. HP: 61/61 MP: 6/6
  2637 | D:6      | Found a staircase to the Ecumenical Temple.
  2654 | Temple   | Entered the Ecumenical Temple
  2763 | Temple   | Became a worshipper of Makhleb the Destroyer
  3058 | D:6      | Noticed Pikel
  3089 | D:6      | Killed Pikel
  3089 | D:6      | Reached skill level 7 in Axes
  3089 | D:6      | Reached XP level 8. HP: 15/70 MP: 6/8
  3873 | D:7      | Found an opulent altar of Gozag.
  3873 | D:7      | Found Gozag's Platinum Reserve.
  3960 | D:7      | HP: 2/70 [orc warrior/+1 battleaxe of freezing (14)]
  3960 | D:7      | Slain by an orc warrior

Levels and vault maps discovered:
D:1:      tarquinn_simple_flora_water_f, layout_loops_cross
D:2:      layout_basic, chequers_ecumenical_altar_simple, first_ration,
          grunt_decor_cap, trog_hazing_becter
D:3:      layout_rooms, hellmonk_ghost_happy_afterlife
D:4:      layout_loops_cross, chequers_temple_overflow_minitemple, minivault_27,
          minmay_misc_feat_ornament
D:5:      layout_basic, lemuel_crystal_altar, gup_sewer_entry_spiral
D:6:      layout_basic, minmay_temple_entry_wispy, uniq_pikel
D:7:      layout_basic, nicolae_gozag_zags_fifth_avenue,
          minmay_misc_feat_square, patterned_corridor
Temple:   regret_index_temple_waves

Skill      XL: |  1  2  3  4  5  6  7 |
---------------+----------------------+-----
Axes           | 3 4 5 6 7 |  7.6
Armour         | 4 5 6 |  6.2
Shields        | 4 5 6 |  6.2
Fighting       | 4 5 6 |  6.1
Invocations    | 2 |  2.3

Action                   |  1- 3 |  4- 6 |  7- 9 || total
-------------------------+-------+-------+-------++-------
Melee: War axe           |    35 |     5 |       ||    40
       Headbutt          |     8 |    22 |    13 ||    43
       Hand axe          |       |   149 |    76 ||   225
Evoke: Wand              |       |       |     1 ||     1
  Use: Potion            |       |       |     6 ||     6
  Eat: Chunk             |       |     6 |     1 ||     7
       Ration            |       |       |     1 ||     1
Armor: Scale mail        |    15 |    25 |    26 ||    66
Dodge: Dodged            |    20 |    34 |    24 ||    78
Block: Kite shield       |    19 |    91 |    53 ||   163
       Reflection        |       |     1 |     4 ||     5

Table legend:
 A = Non-vault XP
 B = Vault XP
 C = Vault XP percentage of total XP
 D = Non-vault monster count
 E = Vault monster count
 F = Vault count percentage of total count
                 A         B        C        D         E       F
            +---------+---------+-------+---------+---------+-------
      Total |     988 |     740 |  42.8 |      79 |      23 |  22.5
            +---------+---------+-------+---------+---------+-------
        D:1 |      19 |       0 |   0.0 |       9 |       0 |   0.0
        D:2 |      23 |       0 |   0.0 |       7 |       0 |   0.0
        D:3 |      89 |       0 |   0.0 |      16 |       0 |   0.0
        D:4 |     198 |       0 |   0.0 |      19 |       0 |   0.0
        D:5 |     268 |      57 |  17.5 |       8 |       6 |  42.9
        D:6 |     301 |     629 |  67.6 |      14 |       1 |   6.7
        D:7 |      90 |       0 |   0.0 |       6 |       0 |   0.0
      Sewer |       0 |      54 | 100.0 |       0 |      16 | 100.0
            +---------+---------+-------+---------+---------+-------
